 Dungeon Crawl Stone Soup version 0.31-b1-18-g61460d1e46 (webtiles) character file.

Game seed: 5760527021624843821

25 unlimited1921 the Magician (level 3, 0/3 HPs)
             Began as a Djinni Fire Elementalist on Jan 16, 2024.
             Slain by an adder (3 damage)
             ... on level 1 of the Dungeon.
             The game lasted 00:04:06 (1676 turns).

unlimited1921 the Magician (DjFE)                   Turns: 1676, Time: 00:04:07

Health: 0/3        AC:  2    Str: 12    XL:     3   Next: 17%
Gold:   39         EV: 10    Int: 18    God:
                   SH:  0    Dex: 13

rFire   . . .        (weapon currently unavailable)
rCold   . . .        (shield currently unavailable)
rNeg    . . .        a - melded +0 robe
rPois   ∞            h - melded +1 hat
rElec   .            (cloak currently unavailable)
rCorr   .            (gloves currently unavailable)
SInv    .            (boots unavailable)
Will    .....        (no amulet)
Stlth   ++           (no ring)
HPRegen 0.20/turn    (no ring)
MPRegen 0.00/turn

%: infuse magic (-1 HP)
@: snake-form, flying
A: constrict, flying, reduced hp, sickness immunity, large, (fire resistance 2),
(cold vulnerability 1), float, innate caster, HP casting, extra vitality 1
a: Begin Untransformation


You were on level 1 of the Dungeon.
You were an enormous serpent.
You visited 1 branch of the dungeon, and saw 2 of its levels.

You collected 39 gold pieces.

Inventory:

Missiles
 k - 3 boomerangs
Armour
 a - a +0 robe (melded)
 h - a +1 hat (melded)
Jewellery
 d - a ring of ice
Talismans
 i - a serpent talisman (active)
Scrolls
 e - a scroll of noise {unknown}
 f - 2 scrolls of identify {unknown}
 j - a scroll of enchant armour {unknown}
Potions
 b - a potion of cancellation {unknown}
 c - a potion of lignification {unknown}
 g - a potion of resistance {unknown}


   Skills:
 + Level 2.9 Dodging
 + Level 2.2 Stealth
 + Level 3.2 Spellcasting
 + Level 3.2 Conjurations
 + Level 3.2 Hexes
 + Level 3.2 Summonings
 + Level 3.2 Necromancy
 + Level 3.2 Translocations
 + Level 3.2 Fire Magic
 + Level 3.2 Ice Magic
 + Level 3.2 Air Magic
 + Level 3.2 Earth Magic
 + Level 3.2 Alchemy


You knew the following spells:

 Your Spells              Type           Power      Damage    Failure   Level
a - Foxfire               Conj/Fire      56%        2x1d6     4%          1
b - Scorch                Fire           28%        2d6       6%          2
c - Volatile Blastmotes   Fire/Tloc      28%        2d12      13%         3
d - Inner Flame           Hex/Fire       14%        N/A       13%         3
e - Flame Wave            Conj/Fire      14%        2d6       38%         4
f - Kiss of Death         Conj/Necr      56%        2d9       4%          1
Your spell library was empty.

Dungeon Overview and Level Annotations

Branches:
Dungeon (2/15)

Altars:


Innate Abilities, Weirdness & Mutations

You are an enormous serpent.
You have a powerful constriction melee attack.
You are flying.
Your maximum health is decreased, since you lack skill for your form.
Your armour is entirely melded.
You are incapable of wielding weapons or throwing items.
You are immune to sickness and miasma.
You are immune to poison.
((Your flesh is very heat resistant. (rF++)))
((You are vulnerable to cold. (rC-)))
You float through the air rather than walking.
You learn spells naturally, not from books.
Your magical power is your life essence.
You have superior vitality. (+4 MHP)


Message History

The goblin barely misses you.
There is an open door here.
You barely miss the goblin. Your grab misses the goblin.
The goblin barely misses you.
You lash the goblin!
You kill the goblin!
You see here a +0 dagger.
You now have 39 gold pieces (gained 9).
You reach down and open the door.
There is an open door here.
You see here a +0 whip.
You see here a +0 whip.
Done exploring.
Done exploring.
You see here a +0 whip.
You see here a +0 plate armour.
There is a stone staircase leading down here.
You fly downwards.
Found a war axe, 6 gold pieces and a plate armour.
There is a stone staircase leading up here.
An adder comes into view.
Found a stone staircase leading down and a stone staircase leading up.
You see here a +0 war axe.
A ball python comes into view.
The ball python hisses angrily.
A goblin comes into view. It is wielding a +0 dagger.
Found a book of Conjurations.
The adder hisses angrily.
The ball python bites you.
Ouch! That really hurt!
You hit the ball python.
You kill the ball python!
There is a stone staircase leading up here.
The adder closely misses you.
You fly upwards.
There is a stone staircase leading down here.
You miss the adder. You grab the adder. You constrict the adder.
The adder bites you.
Ouch! That really hurt!
You die...

..##..# #..######.#### ####.###
##......#....## ####...##
###..........###
...###..####.............########
.....##...##.....................
......###...............##.......
.⌠....# #####..............######
......# ##...S....#.#### .....##
######..S####.#.# ...###
##......### ##...#
########..###### ###..###
.........## ###.....######
#####..### ##...###.....)#
#####..########..### ####...#
#.....##.[......## #....#
÷.###....######## #.####
#####)#### #.#


You could see an adder.

Vanquished Creatures
  2 dart slugs (D:1)
  An endoplasm (D:1)
  A giant cockroach (D:1)
  3 goblins (D:1)
  2 hobgoblins (D:1)
  4 jackals (D:1)
  A ball python (D:2)
  A frilled lizard (D:1)
  A kobold (D:1)
  3 rats (D:1)
19 creatures vanquished.

Vanquished Creatures (others)
  66 foxfires (D:1)
66 creatures vanquished.

Grand Total: 85 creatures vanquished

Notes
Turn   | Place    | Note
-------+----------+-------------------------------------------
     0 | D:1      | unlimited1921 the Djinni Fire Elementalist began the quest
                  | for the Orb.
     0 | D:1      | unlimited1921 set off with the following spells memorised:
                  | Foxfire, Scorch, Volatile Blastmotes, Inner Flame, Flame
                  | Wave.
     0 | D:1      | Reached XP level 1. HP: 15/15 MP: 0/0
   317 | D:1      | Reached XP level 2. HP: 17/21 MP: 0/0
  1292 | D:1      | Reached XP level 3. HP: 20/25 MP: 0/0
  1292 | D:1      | Learned a level 1 spell: Kiss of Death
  1553 | D:1      | Found a faded altar of an unknown god.
  1676 | D:1      | Slain by an adder

Illustrated notes

Levels and vault maps discovered:
D:1:      dpeg_arrival_three_same_balls, layout_rooms,
          dreamdust_ecumenical_altar_angels_and_demons, minmay_statues_item
D:2:      layout_rooms, serial_shops, shop, minmay_fractal_squares_5,
          uniq_jessica

Skill      XL: |  1  2 |
---------------+-------+-----
Stealth        | 2 |  2.2
Dodging        | |  2.9
Spellcasting   | |  3.2
Conjurations   | |  3.2
Hexes          | |  3.2
Summonings     | |  3.2
Necromancy     | |  3.2
Translocations | |  3.2
Fire Magic     | |  3.2
Ice Magic      | |  3.2
Air Magic      | |  3.2
Earth Magic    | |  3.2
Alchemy        | |  3.2

Action                     || total
---------------------------++-------
  Melee: Unarmed           ||     4
         Constrict         ||     1
   Cast: Foxfire           ||    45
         Scorch            ||     2
 Armour: Skin              ||     2
  Dodge: Dodged            ||     6
   Form: Serpent           ||     1
